 Dungeon Crawl Stone Soup version 0.27.1-1-g398f81649c (webtiles) character file.

Game seed: 781085002745246800

449 Woods the Magician (level 7, -7/45 HPs)
             Began as a Djinni Fire Elementalist on Sept 18, 2021.
             Mangled by Duvessa (20 damage)
             ... on level 4 of the Dungeon.
             The game lasted 00:09:18 (5038 turns).

Woods the Magician (Djinni Fire Elementalist)       Turns: 5038, Time: 00:09:19

Health: -7/45      AC:  3    Str:  7    XL:     7   Next: 25%
Gold:   176        EV: 12    Int: 19    God:
                   SH:  5    Dex: 13

rFire    + + .     SeeInvis .   (no weapon)
rCold    x . .     Faith    .   (no shield)
rNeg     . . .     Spirit   .   a - +0 robe
rPois    ∞         Reflect  +   (no helmet)
rElec    .         Harm     .   p - +0 cloak
rCorr    .         Rampage  .   (no gloves)
Will     .....                  (boots unavailable)
Stlth    ++........             f - amulet of reflection
HPRegen  0.15/turn              (no ring)
MPRegen  0.00/turn              (no ring)

@: flying
A: sickness immunity, fire resistance 2, cold vulnerability 1, float, innate
caster, hp casting, extra vitality 1
a: no special abilities


You were on level 4 of the Dungeon.
You visited 1 branch of the dungeon, and saw 4 of its levels.

You collected 176 gold pieces.

Inventory:

Missiles
 i - a throwing net
Armour
 a - a +0 robe (worn)
 p - a +0 cloak (worn)
Jewellery
 f - an amulet of reflection (around neck)
Scrolls
 b - a scroll of noise {unknown}
 c - a scroll of fear {unknown}
 g - a scroll of amnesia {unknown}
 h - a scroll of identify {unknown}
 k - 2 scrolls of teleportation {unknown}
 l - a scroll of immolation {unknown}
 n - a scroll of magic mapping {unknown}
Potions
 d - 2 potions of curing
 e - 2 potions of cancellation {unknown}
 j - a potion of lignification {unknown}
 m - a potion of ambrosia {unknown}
 o - a potion of might {unknown}
 q - 2 potions of berserk rage {unknown}


   Skills:
 - Level 2.2 Dodging
 - Level 1.5 Stealth
 + Level 5.9 Spellcasting


You couldn't memorise any spells.
You knew the following spells:

 Your Spells              Type           Power      Damage    Failure   Level
a - Foxfire               Conj/Fire      100%       2x1d9     1%          1
b - Conjure Flame         Conj/Fire      28%        6-21      3%          3
c - Inner Flame           Hex/Fire       28%        N/A       3%          3
d - Sticky Flame          Conj/Fire      28%        2d5       10%         4
e - Fireball              Conj/Fire      14%        3d8       26%         5
f - Animate Skeleton      Necr           56%        N/A       1%          1
g - Call Imp              Summ           28%        N/A       1%          2
h - Portal Projectile     Hex/Tloc       56%        N/A       3%          3
Your spell library was empty.

Dungeon Overview and Level Annotations

Branches:
Dungeon (4/15)
 Temple: D:4-7

Altars:

Annotations:
D:3 2 transporters, NFM's ghost, amateur HOFi
D:4 Duvessa


Innate Abilities, Weirdness & Mutations

You are immune to sickness and miasma.
You are immune to poison.
Your flesh is very heat resistant. (rF++)
You are vulnerable to cold. (rC-)
You float through the air rather than walking.
You learn spells naturally, not from books.
Your magical power is your life essence.
You have superior vitality. (+4 HP)


Message History

Duvessa is moderately wounded.
Your foxfire dissipates!
An orc comes into view. It is wielding a +0 club.
The foxfire hits Duvessa but does no damage.
Duvessa is moderately wounded.
Casting: Foxfire (safe; 1% risk of failure)
Confirm with . or Enter, or press ? or * to list all spells.
The fire begins to smoulder!
Duvessa rages.
Duvessa smothers the flame.
Casting: Conjure Flame (dangerous; 3% risk of failure)
Confirm with . or Enter, or press ? or * to list all spells.
You conjure some foxfire!
Duvessa closely misses you.
The foxfire hits Duvessa.
Duvessa is moderately wounded.
The foxfire hits Duvessa.
Duvessa is moderately wounded.
Casting: Foxfire (safe; 1% risk of failure)
Confirm with . or Enter, or press ? or * to list all spells.
You conjure some foxfire!
Duvessa hits you with a +0 short sword.
The foxfire hits Duvessa but does no damage.
Duvessa is moderately wounded.
The foxfire hits Duvessa but does no damage.
Duvessa is moderately wounded.
Duvessa hits you but does no damage. Duvessa hits you with a +0 short sword.
Duvessa hits you with a +0 short sword!
* * * LOW HITPOINT WARNING * * *
It was a potion of curing.
You feel better. You block Duvessa's attack.
You feel better. You block Duvessa's attack. Duvessa barely misses you.
Casting: Foxfire (safe; 1% risk of failure)
Confirm with . or Enter, or press ? or * to list all spells.
The fire begins to smoulder!
Duvessa hits you with a +0 short sword. The orc hits you with a +0 club.
Casting: Conjure Flame (dangerous; 3% risk of failure)
Confirm with . or Enter, or press ? or * to list all spells.
The fire ignites!
You are engulfed in blazing flames.
You resist.
* * * LOW HITPOINT WARNING * * *
Duvessa hits you with a +0 short sword!!
You die...

.# #..§..........#
.# #...#..# # .# #
##.##.<#.# .#
#..####.##..#.# .#
#.$..†........# .#
#.#####§##..### .# #
#(##..# .#.#
####.##e.##### ...#
###.##.....@o......#
.###
..........##..####.#
..# ######.#.#.#.##
..# #.#.....# ..#
#.#>#.#.## .## #
#...#.#..# .###.
###.......#.# ....
#.....#.##.##
..#######.#.#.#.#.#


You could see Duvessa (berserk) and an orc.

Vanquished Creatures
  A water moccasin (D:4)
  A scorpion (D:4)
  Dowan (D:4)
  2 orc priests (D:4)
  Robin (D:2)
  7 adders
  3 worms
  3 dart slugs
  3 orcs
  5 ball pythons
  4 bats
  2 endoplasms
  4 giant cockroaches
  12 goblins
  13 hobgoblins
  6 kobolds
  5 quokkas
  4 frilled lizards (D:3)
  5 rats
82 creatures vanquished.

Vanquished Creatures (collateral kills)
  A foxfire (D:2)
1 creature vanquished.

Vanquished Creatures (others)
  281 foxfires
  4 plants (D:3)
  7 withered plants (D:2)
292 creatures vanquished.

Grand Total: 375 creatures vanquished

Notes
Turn   | Place    | Note
-------+----------+-------------------------------------------
     0 | D:1      | Woods the Djinni Fire Elementalist began the quest for the
                  | Orb.
     0 | D:1      | Reached XP level 1. HP: 15/15 MP: 0/0
   233 | D:1      | Reached XP level 2. HP: 17/21 MP: 0/0
   574 | D:1      | Reached skill level 3 in Spellcasting
   960 | D:1      | Reached XP level 3. HP: 7/25 MP: 0/0
   960 | D:1      | Learned a level 1 spell: Animate Skeleton
  1925 | D:2      | Reached XP level 4. HP: 29/31 MP: 0/0
  2641 | D:2      | Reached skill level 4 in Spellcasting
  2861 | D:2      | Found a faded altar of an unknown god.
  3070 | D:2      | Noticed Robin
  3076 | D:2      | Reached XP level 5. HP: 25/35 MP: 0/0
  3076 | D:2      | Learned a level 2 spell: Call Imp
  3082 | D:2      | Killed Robin
  3983 | D:3      | Found a transporter.
  3984 | D:3      | Noticed NFM's ghost (amateur HOFi)
  3992 | D:3      | Found a transporter.
  3994 | D:3      | Identified the +8 spear "Pamiz" {venom, rElec rPois MP-9}
  4387 | D:4      | Reached XP level 6. HP: 39/40 MP: 0/0
  4431 | D:4      | Reached skill level 5 in Spellcasting
  4507 | D:4      | Noticed a water moccasin
  4518 | D:4      | Killed a water moccasin
  4519 | D:4      | Reached XP level 7. HP: 24/45 MP: 0/0
  4519 | D:4      | Learned a level 3 spell: Portal Projectile
  5015 | D:4      | Noticed Dowan
  5020 | D:4      | Killed Dowan
  5020 | D:4      | Noticed Duvessa
  5038 | D:4      | Mangled by Duvessa

Illustrated notes

Levels and vault maps discovered:
D:1:      tarquinn_simple_flora_water_f, layout_loops_ring
D:2:      minmay_door_path, layout_basic, ebering_ecumenical_altar_petrified,
          serial_aquarium, aquarium_bridge_square [aquarium_subvault_wall,
          aquarium_subvault_window, aquarium_subvault_bridge,
          aquarium_subvault_bridge], aquarium_bridge_long_separate
          [aquarium_subvault_bridge, aquarium_subvault_wall,
          aquarium_subvault_window, aquarium_subvault_window,
          aquarium_subvault_bridge, aquarium_subvault_wall],
          aquarium_window_corridor_1, aquarium_window_1, aquarium_window_1,
          aquarium_view_2a, aquarium_view_2g, uniq_robin
D:3:      layout_rooms, gammafunk_ghost_gnarly_gnolls
D:4:      layout_loops_ring, uniq_duvessa

Skill      XL: |  1  2  3  4  5  6 |
---------------+-------------------+-----
Spellcasting   | 3 4 5 |  5.9
Dodging        | |  2.2
Stealth        | |  1.5

Action                   |  1- 3 |  4- 6 |  7- 9 || total
-------------------------+-------+-------+-------++-------
Melee: Unarmed           |    15 |    12 |     2 ||    29
 Cast: Foxfire           |    48 |    85 |    32 ||   165
       Conjure Flame     |       |     5 |     8 ||    13
       Sticky Flame      |       |     2 |       ||     2
  Use: Potion            |       |       |     2 ||     2
Armor: Robe              |     6 |    11 |     2 ||    19
Dodge: Dodged            |     7 |    23 |     7 ||    37
Block: Other             |       |     1 |     4 ||     5
       Reflection        |       |       |     1 ||     1
